AoeStats
← Muppet

Arena

509451663Analyzed
1v1 RM · 23d ago on Sep 26, 2026· 24m 36s· 2 players
Game mode
Random Map
Map size
Tiny (2 player)
Population
200
Speed
Normal
Resources
Standard
Victory
Conquest
Starting age
Dark Age
Ending age
Imperial Age
RankedLock teamsTeams togetherTeam positionsShared explorationLock speedFull tech treeHidden civsTurbo modeCheats
Victory
Defeat
🇺🇸 Khmer · United States
1117
+15
vs
🇳🇱 Japanese · Netherlands
1100
-15
Muppet
5:47 Loom
10:26 Feudal Age
11:37 Double-Bit Axe
12:28 Double-Bit Axe
15:40 Castle Age
13:44 Stone Mining
14:22 Horse Collar
15:57 Town Watch
19:36 Gold Mining
20:50 Bow Saw
22:28 Wheelbarrow
24:23 Man-at-Arms
24:23 Pikeman
JacobWolfson
8:35 Loom
10:21 Feudal Age
13:58 Castle Age
12:48 Double-Bit Axe
12:45 Horse Collar
17:47 Bow Saw
21:10 Scale Barding Armor
21:46 Gold Mining
22:15 Husbandry
Connection lost

Rejoining the realm…

Still unreachable

The connection could not be restored.

Session expired

The server has moved on; the page needs a fresh start.